Sabres vs Flyers
Created - 29 novembre 2014 at 19:09
Goals
|
| Sabres |
1 |
0 |
0 |
0 |
1 |
1 |
| Flyers |
1 |
0 |
0 |
0 |
2 |
2 |
|
Shots
|
| Sabres |
12 |
4 |
11 |
0 |
3 |
27 |
| Flyers |
10 |
10 |
6 |
1 |
2 |
27 |
|
1st period
1. Flyers , Paul Gaustad 7 (Miroslav Satan, Eric Brewer) at 13:47
2. Sabres , Jiri Hudler 13 (James Neal, Richard Lintner) at 16:15
Penalties :
Jeff Carter (Phi) for High sticking (Minor) at 18:40
2nd period
No Goal
Penalties :
Ladislav Smid (Phi) for Roughing (Minor) at 5:27, Tyler Sloan (Buf) for Slashing (Minor) at 12:57, Ole-Kristian Tollefsen (Buf) for Interference (Minor) at 14:23, Miroslav Satan (Phi) for Hooking (Minor) at 18:06
3rd period
No Goal
Penalties :
Nathan Dempsey (Buf) for Hooking (Minor) at 1:47, Brett Lebda (Phi) for Interference (Minor) at 4:26, Ryane Clowe (Phi) for Interference (Minor) at 15:50
Overtime #1
No Goal
Penalties :
No Penalty
Shootout
Penalty Shot by James Neal for Sabres - Stopped by Antti Niemi
Penalty Shot by Jeff Carter for Flyers - Goal!
Penalty Shot by Niclas Bergfors for Sabres - Goal!
Penalty Shot by Martin St. Louis for Flyers - Goal!
Penalty Shot by Jiri Hudler for Sabres - Shot Misses the Net
Penalties :
No Penalty
Goalie Stats
Michal Neuvirth (Buf), 26 saves from 27 shots - (0,963), OTL, 11-8-5, 65:00 minutes
Antti Niemi (Phi), 26 saves from 27 shots - (0,963), W, 12-7-5, 65:00 minutes
Players Stats for Sabres
Player Name G A P +/- PIM S H SB GA TA FO MP PP MP PK MP
------------------------------------------------------------------------------------
Antoine Roussel 0 0 0 0 0 0 2 0 0 1 0/0 11:25 0:39 0:00
Derick Brassard 0 0 0 0 0 7 1 0 1 0 16/24 21:30 6:05 0:00
James Neal 0 1 1 1 0 1 2 0 0 1 0/0 18:02 3:06 0:40
Jiri Hudler 1 0 1 1 0 3 2 0 0 0 4/10 17:15 3:06 0:00
Joni Pitkanen 0 0 0 1 0 3 1 0 2 3 0/0 26:30 6:15 3:26
Kyle Calder 0 0 0 -1 0 1 1 0 0 0 0/0 8:40 0:16 0:57
Mats Sundin 0 0 0 -1 0 0 1 0 0 0 0/1 13:38 5:55 0:00
Mike Fisher 0 0 0 0 0 4 3 1 1 0 8/14 15:25 0:10 3:27
Nathan Dempsey 0 0 0 -1 2 1 2 2 0 1 0/0 19:01 0:02 1:54
Nathan Paetsch 0 0 0 0 0 0 2 1 0 0 0/0 21:15 3:38 1:58
Niclas Bergfors 0 0 0 0 0 0 2 0 0 0 1/2 21:30 6:05 0:00
Ole-Kristian Tollefsen 0 0 0 -1 2 3 3 0 1 2 0/0 28:51 6:15 2:09
Richard Lintner 0 1 1 1 0 0 2 0 0 0 0/0 14:01 0:02 0:00
Ryan Hollweg 0 0 0 0 0 0 3 1 0 0 0/2 14:49 0:38 0:00
Steve Downie 0 0 0 1 0 3 1 0 0 1 0/0 18:47 3:11 1:03
Todd White 0 0 0 -1 0 0 0 1 0 1 0/2 10:36 0:00 3:07
Tomas Kopecky 0 0 0 0 0 0 0 0 1 0 0/1 12:16 0:34 0:57
Tyler Sloan 0 0 0 0 2 1 3 1 0 0 0/0 20:29 3:38 1:24
Players Stats for Flyers
Player Name G A P +/- PIM S H SB GA TA FO MP PP MP PK MP
------------------------------------------------------------------------------------
Brett Lebda 0 0 0 0 2 2 3 1 0 0 0/0 18:41 0:00 4:50
Derek Boogaard 0 0 0 -1 0 0 3 0 0 1 0/0 20:20 3:15 1:11
Eric Brewer 0 1 1 0 0 0 2 2 3 1 0/0 27:05 2:07 4:19
Jeff Carter 0 0 0 -1 2 1 0 0 0 0 8/22 21:36 3:15 1:13
Jeff O'Neill 0 0 0 0 0 2 1 1 0 0 7/11 15:17 2:09 0:15
Jonathan Ericsson 0 0 0 0 0 2 2 3 1 1 0/0 27:29 3:17 6:22
Ladislav Smid 0 0 0 0 2 1 1 1 0 1 0/0 13:32 0:00 1:31
Martin St. Louis 0 0 0 -1 0 2 2 0 0 0 1/7 23:43 3:15 2:30
Matthew Lombardi 0 0 0 0 0 0 0 0 0 1 8/11 13:41 0:00 5:57
Michael Ryder 0 0 0 0 0 5 1 0 0 0 0/0 13:04 2:09 0:00
Miroslav Satan 0 1 1 1 2 3 1 0 1 0 0/0 11:40 0:00 0:00
Pascal Dupuis 0 0 0 0 0 1 1 0 0 0 0/0 10:33 0:00 2:30
Paul Gaustad 1 0 1 1 0 1 1 1 1 0 3/5 12:31 0:00 0:00
Petr Schastlivy 0 0 0 0 0 0 2 0 1 0 0/0 7:31 0:00 0:00
Ryane Clowe 0 0 0 1 2 1 1 0 0 0 0/0 11:42 0:00 0:00
Scott Hartnell 0 0 0 0 0 2 0 2 3 0 0/0 19:59 2:09 6:14
Stephane Robidas 0 0 0 0 0 2 1 1 0 1 0/0 24:30 3:17 2:02
Trevor Daley 0 0 0 0 0 2 0 0 0 0 0/0 17:06 2:07 0:46
3 Stars
1 - Antti Niemi (Phi)
2 - Michal Neuvirth (Buf)
3 - Jiri Hudler (Buf)
Power Play
Sabres - 0 on 5 Attempt(s) - 0,00%
Flyers - 0 on 3 Attempt(s) - 0,00%
Penalty Kill
Sabres - 3 on 3 Attempt(s) - 100,00%
- Score 0 goal in Penalty Kill
Flyers - 5 on 5 Attempt(s) - 100,00%
- Score 0 goal in Penalty Kill
Official
Referees : Kozari Steve and Jackson Dave
Linesman : Mark Wheler and Jay Sharrers
Game Notes
Ladislav Smid is injured at 1:43 of 3rd period (Sprained Left Knee)
Finance
Level 1 -- Attendance: 5615 (93,58%) -- Ticket Income 477 275 $
Level 2 -- Attendance: 4425 (88,50%) -- Ticket Income 221 250 $
Level 3 -- Attendance: 1970 (98,50%) -- Ticket Income 59 100 $
Level 4 -- Attendance: 3712 (92,80%) -- Ticket Income 74 240 $
Luxury Box -- Attendance: 988 (98,80%) -- Ticket Income 163 020 $
Game was played at the Wells Fargo Center
Total Attendance: 16710 (92,83%)
Total Ticket Income: 994 885 $
Other Income: 149 233 $
Total Income: 1 144 118 $
Sabres
5 vs 5 Forward
Center Left Wing Right Wing Time % Phy DF OF
1 Derick Brassard Ryan Hollweg Niclas Bergfors 35 1 2 2
2 Jiri Hudler James Neal Steve Downie 30 2 2 1
3 Mike Fisher Antoine Roussel Tomas Kopecky 25 1 3 1
4 Todd White Kyle Calder Mats Sundin 10 1 3 1
5 vs 5 Defense
Defense Defense Time % Phy DF OF
1 Ole-Kristian Tollefsen Nathan Dempsey 40 1 3 1
2 Richard Lintner Joni Pitkanen 30 1 3 1
3 Tyler Sloan Nathan Paetsch 20 1 3 1
4 Ole-Kristian Tollefsen Joni Pitkanen 10 1 2 2
PowerPlay Forward
Center Left Wing Right Wing Time % Phy DF OF
1 Derick Brassard Mats Sundin Niclas Bergfors 60 1 0 4
2 Jiri Hudler James Neal Steve Downie 40 2 1 2
PowerPlay Defense
Defense Defense Time % Phy DF OF
1 Ole-Kristian Tollefsen Joni Pitkanen 60 1 1 3
2 Tyler Sloan Nathan Paetsch 40 1 3 1
Penalty Kill 4 Players Forward
Center Wing Time % Phy DF OF
1 Mike Fisher Todd White 60 1 4 0
2 Kyle Calder Tomas Kopecky 40 1 4 0
Penalty Kill 4 Players Defense
Defense Defense Time % Phy DF OF
1 Ole-Kristian Tollefsen Joni Pitkanen 60 1 3 1
2 Tyler Sloan Nathan Paetsch 40 1 4 0
Penalty Kill - 3 Players Forward
Forward Time % Phy DF OF
1 Mike Fisher 60 0 5 0
2 Todd White 40 0 5 0
Penalty Kill - 3 Players Defense
Defense Defense Time % Phy DF OF
1 Ole-Kristian Tollefsen Joni Pitkanen 60 1 4 0
2 Tyler Sloan Nathan Paetsch 40 1 4 0
4 vs 4 Forward
Center Wing Time % Phy DF OF
1 Derick Brassard Niclas Bergfors 60 1 2 2
2 Mike Fisher Steve Downie 40 1 3 1
4 vs 4 Defense
Defense Defense Time % Phy DF OF
1 Ole-Kristian Tollefsen Joni Pitkanen 60 1 3 1
2 Tyler Sloan Nathan Paetsch 40 1 3 1
Last Minutes Offensive
Center Left Wing Right Wing Defense Defense
Derick Brassard James Neal Niclas Bergfors Ole-Kristian Tollefsen Joni Pitkanen
Last Minutes Defensive
Center Left Wing Right Wing Defense Defense
Mike Fisher Todd White Steve Downie Ole-Kristian Tollefsen Joni Pitkanen
Goaltenders
Starting : Michal Neuvirth
Backup : Ty Conklin
Extra Forwards
Normal : Ryan Hollweg, James Neal, Jiri Hudler - PP : Ryan Hollweg, Antoine Roussel - PK : Steve Downie
Extra Defensemen
Normal : Nathan Dempsey, Richard Lintner, Ole-Kristian Tollefsen - PP : Nathan Dempsey - PK : Nathan Dempsey, Richard Lintner
Penalty Shots
James Neal, Niclas Bergfors, Jiri Hudler, Mats Sundin, Ryan Hollweg
Flyers
5 vs 5 Forward
Center Left Wing Right Wing Time % Phy DF OF
1 Jeff Carter Derek Boogaard Martin St. Louis 40 1 2 2
2 Jeff O'Neill Scott Hartnell Michael Ryder 30 1 2 2
3 Paul Gaustad Ryane Clowe Miroslav Satan 20 1 2 2
4 Matthew Lombardi Petr Schastlivy Pascal Dupuis 10 1 2 2
5 vs 5 Defense
Defense Defense Time % Phy DF OF
1 Stephane Robidas Jonathan Ericsson 35 1 2 2
2 Eric Brewer Ladislav Smid 35 1 2 2
3 Trevor Daley Brett Lebda 20 1 2 2
4 Stephane Robidas Eric Brewer 10 1 2 2
PowerPlay Forward
Center Left Wing Right Wing Time % Phy DF OF
1 Jeff Carter Derek Boogaard Martin St. Louis 60 1 2 2
2 Jeff O'Neill Scott Hartnell Michael Ryder 40 1 2 2
PowerPlay Defense
Defense Defense Time % Phy DF OF
1 Stephane Robidas Jonathan Ericsson 60 1 2 2
2 Trevor Daley Eric Brewer 40 1 2 2
Penalty Kill 4 Players Forward
Center Wing Time % Phy DF OF
1 Matthew Lombardi Scott Hartnell 60 1 2 2
2 Martin St. Louis Pascal Dupuis 40 1 2 2
Penalty Kill 4 Players Defense
Defense Defense Time % Phy DF OF
1 Brett Lebda Jonathan Ericsson 60 1 2 2
2 Ladislav Smid Eric Brewer 40 1 2 2
Penalty Kill - 3 Players Forward
Forward Time % Phy DF OF
1 Matthew Lombardi 60 1 2 2
2 Martin St. Louis 40 1 2 2
Penalty Kill - 3 Players Defense
Defense Defense Time % Phy DF OF
1 Brett Lebda Jonathan Ericsson 60 1 2 2
2 Ladislav Smid Eric Brewer 40 1 2 2
4 vs 4 Forward
Center Wing Time % Phy DF OF
1 Martin St. Louis Jeff Carter 60 1 2 2
2 Jeff O'Neill Scott Hartnell 40 1 2 2
4 vs 4 Defense
Defense Defense Time % Phy DF OF
1 Stephane Robidas Jonathan Ericsson 60 1 2 2
2 Trevor Daley Eric Brewer 40 1 2 2
Last Minutes Offensive
Center Left Wing Right Wing Defense Defense
Jeff Carter Scott Hartnell Martin St. Louis Stephane Robidas Eric Brewer
Last Minutes Defensive
Center Left Wing Right Wing Defense Defense
Martin St. Louis Matthew Lombardi Pascal Dupuis Ladislav Smid Jonathan Ericsson
Goaltenders
Starting : Antti Niemi
Backup : Chris Mason
Extra Forwards
Normal : Jeff Carter, Paul Gaustad, Martin St. Louis - PP : Jeff Carter, Miroslav Satan - PK : Matthew Lombardi
Extra Defensemen
Normal : Stephane Robidas, Jonathan Ericsson, Eric Brewer - PP : Stephane Robidas - PK : Jonathan Ericsson, Ladislav Smid
Penalty Shots
Jeff Carter, Martin St. Louis, Jeff O'Neill, Miroslav Satan, Matthew Lombardi
% Time on Ice - Sabres
Lines # - Real PCT - Wanted PCT - Time Play
Normal Forward
1 - 30% - 35% - 13:30
2 - 29% - 30% - 13:03
3 - 24% - 25% - 10:43
4 - 17% - 10% - 7:25
Normal Defense
1 - 38% - 40% - 17:05
2 - 28% - 30% - 12:37
3 - 29% - 20% - 13:04
4 - 4% - 10% - 1:55
PP Forward
1 - 67% - 60% - 6:39
2 - 33% - 40% - 3:16
PP Defense
1 - 63% - 60% - 6:17
2 - 37% - 40% - 3:38
PK Forward
1 - 80% - 60% - 3:54
2 - 20% - 40% - 0:57
PK Defense
1 - 59% - 60% - 2:53
2 - 41% - 40% - 1:58
PK3 Forward
1 - 100% - 60% - 0:33
2 - 0% - 40% - 0:00
PK3 Defense
1 - 100% - 60% - 0:33
2 - 0% - 40% - 0:00
44 Forward
1 - 78% - 60% - 3:55
2 - 22% - 40% - 1:05
44 Defense
1 - 56% - 60% - 2:48
2 - 44% - 40% - 2:12
Last Minute Offensive - 0:00
Last Minute Defensive - 0:00
Total
Forward - 65:00
Defense - 65:00
|
% Time on Ice - Flyers
Lines # - Real PCT - Wanted PCT - Time Play
Normal Forward
1 - 33% - 40% - 14:55
2 - 27% - 30% - 11:59
3 - 25% - 20% - 11:18
4 - 15% - 10% - 6:29
Normal Defense
1 - 33% - 35% - 14:48
2 - 42% - 35% - 18:40
3 - 20% - 20% - 8:56
4 - 5% - 10% - 2:17
PP Forward
1 - 60% - 60% - 3:15
2 - 40% - 40% - 2:09
PP Defense
1 - 61% - 60% - 3:17
2 - 39% - 40% - 2:07
PK Forward
1 - 75% - 60% - 7:25
2 - 25% - 40% - 2:30
PK Defense
1 - 59% - 60% - 5:49
2 - 41% - 40% - 4:06
PK3 Forward
1 - 0% - 60%
2 - 0% - 40%
PK3 Defense
1 - 0% - 60%
2 - 0% - 40%
44 Forward
1 - 80% - 60% - 4:01
2 - 20% - 40% - 0:59
44 Defense
1 - 55% - 60% - 2:45
2 - 45% - 40% - 2:15
Last Minute Offensive - 0:00
Last Minute Defensive - 0:00
Total
Forward - 65:00
Defense - 65:00
|
Play by Play
1st period
0:01 of 1st period - Derick Brassard wins face-off versus Martin St. Louis in neutral zone.
0:04 of 1st period - Wrist shot by Ryan Hollweg.
0:04 of 1st period - Deflect By Derick Brassard.
0:04 of 1st period - Stopped by Antti Niemi with a rebound.
0:06 of 1st period - Slapshot by Ole-Kristian Tollefsen.
0:06 of 1st period - Stopped by Antti Niemi with a rebound.
2:41 of 1st period - Icing by Stephane Robidas.
2:42 of 1st period - Derick Brassard wins face-off versus Jeff Carter in Flyers zone.
2:49 of 1st period - Slapshot by Ryan Hollweg.
2:49 of 1st period - Shot Misses the Net.
2:51 of 1st period - Slapshot by Tyler Sloan.
2:51 of 1st period - Deflect By Jeff Carter.
2:51 of 1st period - Stopped by Antti Niemi with a rebound.
2:53 of 1st period - Snap shot by Ryan Hollweg.
2:53 of 1st period - Shot Blocked by Jonathan Ericsson.
3:32 of 1st period - Paul Gaustad is hit by Mike Fisher and loses puck.
3:49 of 1st period - Jonathan Ericsson is hit by Kyle Calder and loses puck.
4:52 of 1st period - Backhand shot by Miroslav Satan.
4:52 of 1st period - Shot Misses the Net.
5:16 of 1st period - Wrist shot by Todd White.
5:16 of 1st period - Deflect By Mats Sundin.
5:16 of 1st period - Shot Blocked by Ladislav Smid.
5:16 of 1st period - Puck is out of play.
5:17 of 1st period - Derick Brassard wins face-off versus Jeff Carter in Flyers zone.
5:26 of 1st period - Nathan Dempsey is hit by Ladislav Smid and loses puck.
5:33 of 1st period - Snap shot by Jeff Carter.
5:33 of 1st period - Deflect By Martin St. Louis.
5:33 of 1st period - Shot Misses the Net.
5:33 of 1st period - Puck is out of play.
5:34 of 1st period - Jeff O'Neill wins face-off versus Jiri Hudler in Sabres zone.
5:37 of 1st period - Wrist shot by Michael Ryder.
5:37 of 1st period - Stopped by Michal Neuvirth without a rebound.
5:38 of 1st period - Jiri Hudler wins face-off versus Jeff O'Neill in Sabres zone.
6:06 of 1st period - Off-side.
6:07 of 1st period - Derick Brassard wins face-off versus Jeff Carter in neutral zone.
6:09 of 1st period - Off-side.
6:10 of 1st period - Derick Brassard wins face-off versus Jeff Carter in neutral zone.
6:24 of 1st period - Icing by Martin St. Louis.
6:25 of 1st period - Jeff Carter wins face-off versus Mike Fisher in Flyers zone.
6:48 of 1st period - Slapshot by Jeff Carter.
6:48 of 1st period - Shot Misses the Net.
6:59 of 1st period - Wrist shot by Derick Brassard.
6:59 of 1st period - Shot Misses the Net.
7:01 of 1st period - Slapshot by Ole-Kristian Tollefsen.
7:01 of 1st period - Stopped by Antti Niemi without a rebound.
7:02 of 1st period - Jeff O'Neill wins face-off versus Jiri Hudler in Flyers zone.
7:13 of 1st period - Snap shot by Jeff O'Neill.
7:13 of 1st period - Stopped by Michal Neuvirth with a rebound.
7:27 of 1st period - Paul Gaustad is hit by Richard Lintner and loses puck.
7:48 of 1st period - Backhand shot by Mike Fisher.
7:48 of 1st period - Shot Misses the Net.
8:11 of 1st period - Wrist shot by Martin St. Louis.
8:11 of 1st period - Stopped by Michal Neuvirth with a rebound.
8:31 of 1st period - Snap shot by Michael Ryder.
8:31 of 1st period - Stopped by Michal Neuvirth with a rebound.
8:33 of 1st period - Snap shot by Michael Ryder.
8:33 of 1st period - Stopped by Michal Neuvirth with a rebound.
8:55 of 1st period - Backhand shot by Derick Brassard.
8:55 of 1st period - Stopped by Antti Niemi with a rebound.
8:57 of 1st period - Slapshot by Ole-Kristian Tollefsen.
8:57 of 1st period - Shot Misses the Net.
8:59 of 1st period - Slapshot by Nathan Dempsey.
8:59 of 1st period - Stopped by Antti Niemi without a rebound.
9:00 of 1st period - Mike Fisher wins face-off versus Jeff O'Neill in Flyers zone.
9:15 of 1st period - Slapshot by Antoine Roussel.
9:15 of 1st period - Shot Misses the Net.
9:24 of 1st period - Icing by Tyler Sloan.
9:25 of 1st period - Niclas Bergfors wins face-off versus Jeff Carter in Sabres zone.
9:30 of 1st period - Jeff Carter is hit by Niclas Bergfors and loses puck.
10:04 of 1st period - Wrist shot by Jiri Hudler.
10:04 of 1st period - Shot Misses the Net.
11:03 of 1st period - Jonathan Ericsson is hit by Ole-Kristian Tollefsen and loses puck.
11:48 of 1st period - Wrist shot by Paul Gaustad.
11:48 of 1st period - Shot Misses the Net.
11:50 of 1st period - Wrist shot by Trevor Daley.
11:50 of 1st period - Stopped by Michal Neuvirth without a rebound.
11:51 of 1st period - Derick Brassard wins face-off versus Martin St. Louis in Sabres zone.
12:06 of 1st period - Snap shot by Derick Brassard.
12:06 of 1st period - Stopped by Antti Niemi with a rebound.
12:18 of 1st period - James Neal is hit by Michael Ryder and loses puck.
12:49 of 1st period - Icing by Ryane Clowe.
12:50 of 1st period - Derick Brassard wins face-off versus Paul Gaustad in Flyers zone.
12:55 of 1st period - Snap shot by Ryan Hollweg.
12:55 of 1st period - Shot Misses the Net.
13:01 of 1st period - Ryane Clowe is hit by Ryan Hollweg and loses puck.
13:35 of 1st period - Snap shot by Todd White.
13:35 of 1st period - Shot Hit the Post.
13:43 of 1st period - Snap shot by Paul Gaustad.
13:43 of 1st period - Shot Blocked by Nathan Dempsey.
13:45 of 1st period - Wrist shot by Miroslav Satan.
13:45 of 1st period - Stopped by Michal Neuvirth with a rebound.
13:47 of 1st period - Slapshot by Paul Gaustad.
13:47 of 1st period - Goal by Paul Gaustad - Sabres : 0 - Flyers : 1.
13:48 of 1st period - Derick Brassard wins face-off versus Jeff Carter in neutral zone.
14:05 of 1st period - Niclas Bergfors is hit by Derek Boogaard.
14:19 of 1st period - Snap shot by Steve Downie.
14:19 of 1st period - Stopped by Antti Niemi without a rebound.
14:20 of 1st period - Jeff O'Neill wins face-off versus Jiri Hudler in Flyers zone.
15:07 of 1st period - Derick Brassard is hit by Pascal Dupuis and loses puck.
15:49 of 1st period - Snap shot by Steve Downie.
15:49 of 1st period - Stopped by Antti Niemi without a rebound.
15:50 of 1st period - Jiri Hudler wins face-off versus Martin St. Louis in Flyers zone.
15:51 of 1st period - Snap shot by Steve Downie.
15:51 of 1st period - Shot Misses the Net.
15:53 of 1st period - Slapshot by Richard Lintner.
15:53 of 1st period - Shot Misses the Net.
16:09 of 1st period - Snap shot by Steve Downie.
16:09 of 1st period - Shot Misses the Net.
16:15 of 1st period - Wrist shot by Jiri Hudler.
16:15 of 1st period - Goal by Jiri Hudler - Sabres : 1 - Flyers : 1.
16:16 of 1st period - Mike Fisher wins face-off versus Jeff Carter in neutral zone.
16:19 of 1st period - Derek Boogaard is hit by Mike Fisher and loses puck.
17:06 of 1st period - Snap shot by Ryane Clowe.
17:06 of 1st period - Deflect By Paul Gaustad.
17:06 of 1st period - Shot Misses the Net.
17:06 of 1st period - Puck is out of play.
17:07 of 1st period - Paul Gaustad wins face-off versus Ryan Hollweg in Sabres zone.
17:08 of 1st period - Slapshot by Ryane Clowe.
17:08 of 1st period - Deflect By Miroslav Satan.
17:08 of 1st period - Stopped by Michal Neuvirth with a rebound.
17:13 of 1st period - Off-side.
17:14 of 1st period - Jeff Carter wins face-off versus Derick Brassard in neutral zone.
17:49 of 1st period - Snap shot by Steve Downie.
17:49 of 1st period - Shot Blocked by Jeff O'Neill.
17:51 of 1st period - Slapshot by Ole-Kristian Tollefsen.
17:51 of 1st period - Shot Misses the Net.
17:53 of 1st period - Slapshot by James Neal.
17:53 of 1st period - Shot Hit the Post.
18:03 of 1st period - Slapshot by Stephane Robidas.
18:03 of 1st period - Stopped by Michal Neuvirth without a rebound.
18:04 of 1st period - Matthew Lombardi wins face-off versus Todd White in Sabres zone.
18:17 of 1st period - Wrist shot by Joni Pitkanen.
18:17 of 1st period - Deflect By Petr Schastlivy.
18:17 of 1st period - Stopped by Antti Niemi with a rebound.
18:19 of 1st period - Slapshot by Richard Lintner.
18:19 of 1st period - Shot Blocked by Eric Brewer.
18:38 of 1st period - Snap shot by Derick Brassard.
18:38 of 1st period - Stopped by Antti Niemi with a rebound.
18:40 of 1st period - Minor Penalty to Jeff Carter for High sticking.
18:41 of 1st period - Matthew Lombardi wins face-off versus Derick Brassard in Flyers zone.
18:50 of 1st period - Jonathan Ericsson is hit by Derick Brassard and loses puck.
19:52 of 1st period - Eric Brewer is hit by Nathan Paetsch and loses puck.
Goals for this period are 1 for Sabres vs 1 for Flyers.
Shots for this period are 12 for Sabres vs 10 for Flyers.
2nd period
0:01 of 2nd period - Matthew Lombardi wins face-off versus Derick Brassard in neutral zone.
0:13 of 2nd period - Slapshot by Joni Pitkanen.
0:13 of 2nd period - Shot Misses the Net.
0:15 of 2nd period - Snap shot by Derick Brassard.
0:15 of 2nd period - Stopped by Antti Niemi without a rebound.
0:16 of 2nd period - Matthew Lombardi wins face-off versus Derick Brassard in Flyers zone.
0:27 of 2nd period - Jonathan Ericsson is hit by Niclas Bergfors and loses puck.
0:40 of 2nd period - Penalty to Jeff Carter is over, Jeff Carter is back on ice.
0:44 of 2nd period - Wrist shot by James Neal.
0:44 of 2nd period - Shot Blocked by Scott Hartnell.
0:46 of 2nd period - Slapshot by James Neal.
0:46 of 2nd period - Shot Blocked by Scott Hartnell.
0:48 of 2nd period - Snap shot by Steve Downie.
0:48 of 2nd period - Deflect By James Neal.
0:48 of 2nd period - Shot Misses the Net.
0:48 of 2nd period - Puck is out of play.
0:49 of 2nd period - Jeff Carter wins face-off versus Jiri Hudler in Flyers zone.
0:49 of 2nd period - Jeff Carter is hit by Tyler Sloan.
1:14 of 2nd period - Nathan Paetsch is hit by Paul Gaustad and loses puck.
1:34 of 2nd period - Off-side.
1:35 of 2nd period - Jeff O'Neill wins face-off versus Tomas Kopecky in neutral zone.
2:00 of 2nd period - Jeff Carter is hit by Nathan Dempsey and loses puck.
3:07 of 2nd period - Snap shot by Michael Ryder.
3:07 of 2nd period - Stopped by Michal Neuvirth with a rebound.
3:46 of 2nd period - Snap shot by Steve Downie.
3:46 of 2nd period - Shot Misses the Net.
3:48 of 2nd period - Slapshot by Ole-Kristian Tollefsen.
3:48 of 2nd period - Stopped by Antti Niemi with a rebound.
3:50 of 2nd period - Slapshot by Ole-Kristian Tollefsen.
3:50 of 2nd period - Shot Blocked by Paul Gaustad.
3:52 of 2nd period - Wrist shot by Jiri Hudler.
3:52 of 2nd period - Stopped by Antti Niemi without a rebound.
3:53 of 2nd period - Jiri Hudler wins face-off versus Jeff O'Neill in Flyers zone.
4:43 of 2nd period - Snap shot by Steve Downie.
4:43 of 2nd period - Shot Misses the Net.
4:45 of 2nd period - Wrist shot by Jiri Hudler.
4:45 of 2nd period - Stopped by Antti Niemi with a rebound.
5:27 of 2nd period - Minor Penalty to Ladislav Smid for Roughing.
5:28 of 2nd period - Matthew Lombardi wins face-off versus Derick Brassard in Flyers zone.
7:23 of 2nd period - Steve Downie is hit by Brett Lebda and loses puck.
7:27 of 2nd period - Penalty to Ladislav Smid is over, Ladislav Smid is back on ice.
7:44 of 2nd period - Richard Lintner is hit by Brett Lebda and loses puck.
8:02 of 2nd period - Antoine Roussel is hit by Stephane Robidas and loses puck.
8:13 of 2nd period - Kyle Calder is hit by Petr Schastlivy and loses puck.
9:43 of 2nd period - Jeff Carter is hit by Ole-Kristian Tollefsen and loses puck.
10:04 of 2nd period - Ryane Clowe is hit by Ryan Hollweg and loses puck.
10:23 of 2nd period - Pascal Dupuis is hit by Mike Fisher.
11:08 of 2nd period - Joni Pitkanen is hit by Miroslav Satan and loses puck.
11:19 of 2nd period - Jeff Carter is hit by Antoine Roussel and loses puck.
11:56 of 2nd period - Mike Fisher is hit by Jeff O'Neill and loses puck.
12:03 of 2nd period - Snap shot by Michael Ryder.
12:03 of 2nd period - Shot Misses the Net.
12:05 of 2nd period - Slapshot by Ladislav Smid.
12:05 of 2nd period - Stopped by Michal Neuvirth without a rebound.
12:06 of 2nd period - Paul Gaustad wins face-off versus Jiri Hudler in Sabres zone.
12:22 of 2nd period - Nathan Paetsch is hit by Brett Lebda and loses puck.
12:49 of 2nd period - Snap shot by Derek Boogaard.
12:49 of 2nd period - Shot Misses the Net.
12:51 of 2nd period - Snap shot by Martin St. Louis.
12:51 of 2nd period - Shot Misses the Net.
12:57 of 2nd period - Minor Penalty to Tyler Sloan for Slashing.
12:58 of 2nd period - Mike Fisher wins face-off versus Jeff Carter in Sabres zone.
13:11 of 2nd period - Wrist shot by Martin St. Louis.
13:11 of 2nd period - Stopped by Michal Neuvirth with a rebound.
13:13 of 2nd period - Slapshot by Jonathan Ericsson.
13:13 of 2nd period - Shot Misses the Net.
13:59 of 2nd period - Nathan Paetsch is hit by Martin St. Louis and loses puck.
14:18 of 2nd period - Wrist shot by Michael Ryder.
14:18 of 2nd period - Stopped by Michal Neuvirth without a rebound.
14:19 of 2nd period - Jeff O'Neill wins face-off versus Mike Fisher in Sabres zone.
14:23 of 2nd period - Minor Penalty to Ole-Kristian Tollefsen for Interference.
14:24 of 2nd period - Jeff Carter wins face-off versus Mike Fisher in Sabres zone.
14:56 of 2nd period - Slapshot by Jonathan Ericsson.
14:56 of 2nd period - Stopped by Michal Neuvirth with a rebound.
14:57 of 2nd period - Penalty to Tyler Sloan is over, Tyler Sloan is back on ice.
14:58 of 2nd period - Backhand shot by Stephane Robidas.
14:58 of 2nd period - Stopped by Michal Neuvirth with a rebound.
15:00 of 2nd period - Wrist shot by Scott Hartnell.
15:00 of 2nd period - Stopped by Michal Neuvirth without a rebound.
15:01 of 2nd period - Martin St. Louis wins face-off versus Todd White in Sabres zone.
15:02 of 2nd period - Wrist shot by Jeff Carter.
15:02 of 2nd period - Stopped by Michal Neuvirth with a rebound.
15:04 of 2nd period - Wrist shot by Martin St. Louis.
15:04 of 2nd period - Deflect By Derek Boogaard.
15:04 of 2nd period - Shot Blocked by Nathan Paetsch.
15:04 of 2nd period - Puck is out of play.
15:05 of 2nd period - Jeff Carter wins face-off versus Mike Fisher in Sabres zone.
15:34 of 2nd period - Snap shot by Jeff O'Neill.
15:34 of 2nd period - Shot Misses the Net.
15:36 of 2nd period - Wrist shot by Scott Hartnell.
15:36 of 2nd period - Stopped by Michal Neuvirth with a rebound.
15:38 of 2nd period - Slapshot by Trevor Daley.
15:38 of 2nd period - Shot Blocked by Tyler Sloan.
16:23 of 2nd period - Penalty to Ole-Kristian Tollefsen is over, Ole-Kristian Tollefsen is back on ice.
16:31 of 2nd period - Backhand shot by Nathan Dempsey.
16:31 of 2nd period - Shot Misses the Net.
16:41 of 2nd period - Nathan Dempsey is hit by Ryane Clowe and loses puck.
16:56 of 2nd period - Ladislav Smid is hit by Antoine Roussel and loses puck.
17:13 of 2nd period - Martin St. Louis is hit by Nathan Paetsch and loses puck.
17:44 of 2nd period - Jiri Hudler is hit by Petr Schastlivy and loses puck.
18:01 of 2nd period - Slapshot by Stephane Robidas.
18:01 of 2nd period - Shot Misses the Net.
18:06 of 2nd period - Minor Penalty to Miroslav Satan for Hooking.
18:07 of 2nd period - Derick Brassard wins face-off versus Matthew Lombardi in Flyers zone.
18:35 of 2nd period - Slapshot by Jonathan Ericsson.
18:35 of 2nd period - Stopped by Michal Neuvirth with a rebound.
19:35 of 2nd period - James Neal is hit by Jonathan Ericsson and loses puck.
Goals for this period are 0 for Sabres vs 0 for Flyers.
Shots for this period are 4 for Sabres vs 10 for Flyers.
3rd period
0:01 of 3rd period - Matthew Lombardi wins face-off versus Derick Brassard in neutral zone.
0:06 of 3rd period - Penalty to Miroslav Satan is over, Miroslav Satan is back on ice.
0:32 of 3rd period - Off-side.
0:33 of 3rd period - Derick Brassard wins face-off versus Jeff Carter in neutral zone.
1:26 of 3rd period - Jonathan Ericsson is hit by Nathan Dempsey and loses puck.
1:35 of 3rd period - Wrist shot by Todd White.
1:35 of 3rd period - Deflect By Kyle Calder.
1:35 of 3rd period - Stopped by Antti Niemi without a rebound.
1:36 of 3rd period - Jeff Carter wins face-off versus Ryan Hollweg in Flyers zone.
1:42 of 3rd period - Ladislav Smid is hit by Richard Lintner and loses puck.
1:43 of 3rd period - Ladislav Smid from Flyers is injured at 1:43 of 3rd period (Sprained Left Knee).
1:44 of 3rd period - Derick Brassard wins face-off versus Jeff Carter in Sabres zone.
1:44 of 3rd period - Derick Brassard is hit by Derek Boogaard.
1:47 of 3rd period - Minor Penalty to Nathan Dempsey for Hooking.
1:48 of 3rd period - Mike Fisher wins face-off versus Jeff Carter in Sabres zone.
1:58 of 3rd period - Snap shot by Stephane Robidas.
1:58 of 3rd period - Shot Blocked by Todd White.
2:00 of 3rd period - Snap shot by Jeff Carter.
2:00 of 3rd period - Deflect By Martin St. Louis.
2:00 of 3rd period - Shot Misses the Net.
2:00 of 3rd period - Puck is out of play.
2:01 of 3rd period - Mike Fisher wins face-off versus Jeff Carter in Sabres zone.
2:14 of 3rd period - Snap shot by Mike Fisher.
2:14 of 3rd period - Stopped by Antti Niemi without a rebound.
2:15 of 3rd period - Mike Fisher wins face-off versus Jeff Carter in Flyers zone.
2:16 of 3rd period - Snap shot by Joni Pitkanen.
2:16 of 3rd period - Stopped by Antti Niemi without a rebound.
2:17 of 3rd period - Jeff Carter wins face-off versus Mike Fisher in Flyers zone.
2:30 of 3rd period - Todd White is hit by Jonathan Ericsson and loses puck.
2:49 of 3rd period - Snap shot by Scott Hartnell.
2:49 of 3rd period - Shot Misses the Net.
2:51 of 3rd period - Wrist shot by Jeff O'Neill.
2:51 of 3rd period - Stopped by Michal Neuvirth with a rebound.
3:47 of 3rd period - Penalty to Nathan Dempsey is over, Nathan Dempsey is back on ice.
3:58 of 3rd period - Slapshot by Miroslav Satan.
3:58 of 3rd period - Shot Blocked by Ryan Hollweg.
4:26 of 3rd period - Minor Penalty to Brett Lebda for Interference.
4:27 of 3rd period - Derick Brassard wins face-off versus Matthew Lombardi in Flyers zone.
4:58 of 3rd period - Slapshot by Joni Pitkanen.
4:58 of 3rd period - Shot Misses the Net.
5:00 of 3rd period - Slapshot by James Neal.
5:00 of 3rd period - Shot Misses the Net.
5:02 of 3rd period - Wrist shot by Joni Pitkanen.
5:02 of 3rd period - Stopped by Antti Niemi without a rebound.
5:03 of 3rd period - Matthew Lombardi wins face-off versus Mats Sundin in Flyers zone.
6:26 of 3rd period - Penalty to Brett Lebda is over, Brett Lebda is back on ice.
6:46 of 3rd period - Wrist shot by Tomas Kopecky.
6:46 of 3rd period - Shot Misses the Net.
7:10 of 3rd period - Snap shot by Pascal Dupuis.
7:10 of 3rd period - Shot Misses the Net.
7:12 of 3rd period - Slapshot by Trevor Daley.
7:12 of 3rd period - Shot Blocked by Nathan Dempsey.
7:14 of 3rd period - Slapshot by Jonathan Ericsson.
7:14 of 3rd period - Shot Misses the Net.
7:16 of 3rd period - Snap shot by Pascal Dupuis.
7:16 of 3rd period - Stopped by Michal Neuvirth with a rebound.
7:34 of 3rd period - Snap shot by Brett Lebda.
7:34 of 3rd period - Stopped by Michal Neuvirth without a rebound.
7:35 of 3rd period - Jeff O'Neill wins face-off versus Derick Brassard in Sabres zone.
8:23 of 3rd period - Todd White is hit by Eric Brewer and loses puck.
10:17 of 3rd period - Slapshot by Mike Fisher.
10:17 of 3rd period - Shot Misses the Net.
11:52 of 3rd period - Stephane Robidas is hit by Jiri Hudler and loses puck.
12:34 of 3rd period - Stephane Robidas is hit by Ryan Hollweg.
12:54 of 3rd period - Martin St. Louis is hit by James Neal and loses puck.
13:07 of 3rd period - Wrist shot by Derick Brassard.
13:07 of 3rd period - Shot Misses the Net.
13:09 of 3rd period - Snap shot by Derick Brassard.
13:09 of 3rd period - Stopped by Antti Niemi without a rebound.
13:10 of 3rd period - Derick Brassard wins face-off versus Paul Gaustad in Flyers zone.
13:46 of 3rd period - Wrist shot by Derick Brassard.
13:46 of 3rd period - Stopped by Antti Niemi with a rebound.
15:08 of 3rd period - Backhand shot by James Neal.
15:08 of 3rd period - Shot Misses the Net.
15:10 of 3rd period - Slapshot by Steve Downie.
15:10 of 3rd period - Deflect By James Neal.
15:10 of 3rd period - Stopped by Antti Niemi without a rebound.
15:11 of 3rd period - Jeff O'Neill wins face-off versus Jiri Hudler in Flyers zone.
15:20 of 3rd period - Jonathan Ericsson is hit by James Neal and loses puck.
15:43 of 3rd period - Wrist shot by Tomas Kopecky.
15:43 of 3rd period - Shot Blocked by Jonathan Ericsson.
15:45 of 3rd period - Snap shot by Mike Fisher.
15:45 of 3rd period - Stopped by Antti Niemi with a rebound.
15:47 of 3rd period - Slapshot by Mike Fisher.
15:47 of 3rd period - Stopped by Antti Niemi without a rebound.
15:48 of 3rd period - Paul Gaustad wins face-off versus Niclas Bergfors in Flyers zone.
15:50 of 3rd period - Minor Penalty to Ryane Clowe for Interference.
15:51 of 3rd period - Matthew Lombardi wins face-off versus Derick Brassard in Flyers zone.
16:01 of 3rd period - Brett Lebda is hit by Mats Sundin and loses puck.
16:24 of 3rd period - Off-side.
16:25 of 3rd period - Derick Brassard wins face-off versus Martin St. Louis in neutral zone.
16:28 of 3rd period - Eric Brewer is hit by Tyler Sloan and loses puck.
16:41 of 3rd period - Snap shot by Niclas Bergfors.
16:41 of 3rd period - Deflect By Derick Brassard.
16:41 of 3rd period - Shot Misses the Net.
16:41 of 3rd period - Puck is out of play.
16:42 of 3rd period - Jiri Hudler wins face-off versus Matthew Lombardi in Flyers zone.
16:43 of 3rd period - Snap shot by Steve Downie.
16:43 of 3rd period - Stopped by Antti Niemi with a rebound.
17:18 of 3rd period - Slapshot by Ole-Kristian Tollefsen.
17:18 of 3rd period - Shot Blocked by Eric Brewer.
17:44 of 3rd period - Wrist shot by Niclas Bergfors.
17:44 of 3rd period - Shot Misses the Net.
17:50 of 3rd period - Penalty to Ryane Clowe is over, Ryane Clowe is back on ice.
17:56 of 3rd period - Snap shot by Niclas Bergfors.
17:56 of 3rd period - Shot Blocked by Brett Lebda.
18:14 of 3rd period - Snap shot by Ryane Clowe.
18:14 of 3rd period - Stopped by Michal Neuvirth without a rebound.
18:15 of 3rd period - Mike Fisher wins face-off versus Jeff Carter in Sabres zone.
18:15 of 3rd period - Mike Fisher is hit by Derek Boogaard.
18:51 of 3rd period - Tyler Sloan is hit by Martin St. Louis and loses puck.
19:04 of 3rd period - Nathan Dempsey is hit by Eric Brewer and loses puck.
19:11 of 3rd period - Snap shot by Miroslav Satan.
19:11 of 3rd period - Stopped by Michal Neuvirth with a rebound.
19:13 of 3rd period - Slapshot by Brett Lebda.
19:13 of 3rd period - Stopped by Michal Neuvirth with a rebound.
19:27 of 3rd period - Slapshot by Nathan Dempsey.
19:27 of 3rd period - Deflect By Antoine Roussel.
19:27 of 3rd period - Shot Misses the Net.
19:27 of 3rd period - Puck is out of play.
19:28 of 3rd period - Jeff Carter wins face-off versus Mike Fisher in Flyers zone.
19:56 of 3rd period - Wrist shot by Mike Fisher.
19:56 of 3rd period - Stopped by Antti Niemi with a rebound.
Goals for this period are 0 for Sabres vs 0 for Flyers.
Shots for this period are 11 for Sabres vs 6 for Flyers.
Overtime #1
0:01 of 1st overtime period - Derick Brassard wins face-off versus Martin St. Louis in neutral zone.
0:10 of 1st overtime period - Wrist shot by Niclas Bergfors.
0:10 of 1st overtime period - Shot Blocked by Jonathan Ericsson.
0:40 of 1st overtime period - Snap shot by Scott Hartnell.
0:40 of 1st overtime period - Shot Blocked by Mike Fisher.
0:42 of 1st overtime period - Slapshot by Trevor Daley.
0:42 of 1st overtime period - Stopped by Michal Neuvirth without a rebound.
0:43 of 1st overtime period - Mike Fisher wins face-off versus Jeff O'Neill in Sabres zone.
0:48 of 1st overtime period - Wrist shot by Scott Hartnell.
0:48 of 1st overtime period - Shot Misses the Net.
1:31 of 1st overtime period - Derek Boogaard is hit by Ole-Kristian Tollefsen and loses puck.
1:36 of 1st overtime period - Snap shot by Ryan Hollweg.
1:36 of 1st overtime period - Shot Blocked by Stephane Robidas.
3:24 of 1st overtime period - Matthew Lombardi is hit by Jiri Hudler and loses puck.
3:41 of 1st overtime period - Icing by Eric Brewer.
3:42 of 1st overtime period - Derick Brassard wins face-off versus Martin St. Louis in Flyers zone.
3:51 of 1st overtime period - Eric Brewer is hit by Joni Pitkanen and loses puck.
4:16 of 1st overtime period - Jonathan Ericsson is hit by Tyler Sloan and loses puck.
4:57 of 1st overtime period - Eric Brewer is hit by Steve Downie and loses puck.
Goals for this period are 0 for Sabres vs 0 for Flyers.
Shots for this period are 0 for Sabres vs 1 for Flyers.
ShootOut
5:00 of 1st overtime period - Penalty Shot by James Neal for Sabres.
5:00 of 1st overtime period - Snap shot by James Neal.
5:00 of 1st overtime period - Stopped by Antti Niemi.
5:00 of 1st overtime period - Penalty Shot by Jeff Carter for Flyers.
5:00 of 1st overtime period - Wrist shot by Jeff Carter.
5:00 of 1st overtime period - Goal by Jeff Carter.
5:00 of 1st overtime period - Penalty Shot by Niclas Bergfors for Sabres.
5:00 of 1st overtime period - Snap shot by Niclas Bergfors.
5:00 of 1st overtime period - Goal by Niclas Bergfors.
5:00 of 1st overtime period - Penalty Shot by Martin St. Louis for Flyers.
5:00 of 1st overtime period - Wrist shot by Martin St. Louis.
5:00 of 1st overtime period - Goal by Martin St. Louis.
5:00 of 1st overtime period - Penalty Shot by Jiri Hudler for Sabres.
5:00 of 1st overtime period - Backhand shot by Jiri Hudler.
5:00 of 1st overtime period - Shot Misses the Net.
Output by the SimonT Hockey Simulator (STHS) for François Prévost -- Original Page W3C XHTML 1.0 Valid